 Dungeon Crawl Stone Soup version 0.25-a0-842-g81a31cfd23 (webtiles) character file.

Game seed: 4194950958049395181, levelgen mode: deterministic

375 Error4North the Chopper (level 6, 0/84 HPs)
             Began as a Hill Orc Fighter on Apr 24, 2020.
             Slain by Maggie
             ... wielding a +2 scimitar of flaming
              (5 damage)
             ... on level 6 of the Dungeon.
             The game lasted 00:07:11 (2470 turns).

Error4North the Chopper (Hill Orc Fighter)          Turns: 2470, Time: 00:07:11

Health: 0/84       AC: 23    Str: 20    XL:     6   Next: 72%
Magic:  6/6        EV:  2    Int:  8    God:
Gold:   175        SH:  9    Dex: 10    Spells: 5/5 levels left

rFire    . . .     SeeInvis .   a - +0 war axe
rCold    . . .     Gourm    .   c - +0 kite shield
rNeg     + + +     Faith    .   (armour currently unavailable)
rPois    +         Spirit   .   (helmet currently unavailable)
rElec    .         Reflect  .   (cloak currently unavailable)
rCorr    .         Harm     .   (gloves currently unavailable)
MR       .....     NoTele   +   (boots currently unavailable)
Stlth    +.........             (no amulet)
HPRegen  0.24/turn              k - -3 ring of strength (curse)
MPRegen  0.10/turn              m - +2 ring of strength

@: tree-form, mesmerised
A: no striking features
a: Convert to Beogh


You were on level 6 of the Dungeon.
You were not hungry.
You were a tree.
You visited 1 branch of the dungeon, and saw 4 of its levels.

You collected 175 gold pieces.

Inventory:

Hand Weapons
 a - a +0 war axe (weapon)
 o - a +1 mace of venom
Armour
 b - a +0 scale mail (melded)
 c - a +0 kite shield (worn)
 h - a +0 pair of boots (melded)
 s - a +0 cloak (melded)
 u - a +0 helmet (melded)
Jewellery
 k - a cursed -3 ring of strength (left branch)
 m - a +2 ring of strength (right branch)
 r - a +2 ring of dexterity {unknown}
 t - an uncursed ring of magical power {unknown}
Scrolls
 d - 3 scrolls of remove curse {unknown}
 e - a scroll of enchant armour {unknown}
 g - 2 scrolls of teleportation {unknown}
 l - 2 scrolls of immolation {unknown}
 n - a scroll of identify {unknown}
 p - 3 scrolls of fog {unknown}
Potions
 j - a potion of lignification
Comestibles
 f - 5 rations


   Skills:
 * Level 5.2 Fighting
 + Level 5.3 Axes
 * Level 4.5 Armour
 + Level 1.2 Dodging
 * Level 4.8 Shields


You had 5 spell levels left.
You didn't know any spells.
Your spell library was empty.

Dungeon Overview and Level Annotations

Branches:
Dungeon (3/15)

Altars:
The Shining One

Annotations:
D:6 Maggie


Message History

You miss something.
An orc wizard appears from thin air!
Reactivating autopickup.
The orc wizard hits you but does no damage.
Maggie casts a spell.
Maggie attempts to bespell you!
You are mesmerised by Maggie!
The orc wizard hits you but does no damage.
You closely miss Maggie.
Maggie is heavily wounded.
You slash the orc wizard!
The orc wizard hits you but does no damage.
Maggie casts a spell.
Maggie draws you further into her thrall.
You block the orc wizard's attack.
Your shield prevents you from hitting Maggie.
Maggie is heavily wounded.
You hit the orc wizard.
You kill the orc wizard!
Maggie hits you with a +2 scimitar of flaming.
You die...

#..# #..# .... ##..## #.
....##..#..# #
#.......#..#
#.##...##.....#######
#.##...♣).##.#...#......
#.....@)).##...........#
+..........o.....#.###.#
#......................#
#.....$#.......>.......{
#......#.######..#.##..#
#......#.# #..#.....#
#......#.# #..#.#..##
#.######.# #.........


You could see Maggie and an orc priest.

Vanquished Creatures
  An ogre (D:6)
  A bullfrog skeleton (D:6)
  Crazy Yiuf (D:2)
  2 orc wizards (D:6)
  Terence (D:2)
  4 gnolls (D:3)
  4 adders
  2 oozes (D:2)
  A worm (D:2)
  A dart slug (D:2)
  4 leopard geckos
  3 orcs
  8 goblins
  7 hobgoblins
  4 jackals (D:3)
  A ball python (D:3)
  6 bats
  5 frilled lizards
  4 kobolds
  6 rats
66 creatures vanquished.

Notes
Turn   | Place    | Note
-------+----------+-------------------------------------------
     0 | D:1      | Error4North the Hill Orc Fighter began the quest for the
                  | Orb.
     0 | D:1      | Reached XP level 1. HP: 19/19 MP: 1/1
   216 | D:1      | Reached XP level 2. HP: 20/27 MP: 2/2
   853 | D:2      | Reached XP level 3. HP: 20/33 MP: 3/3
   870 | D:2      | Found a runed translucent door.
   871 | D:2      | Noticed Crazy Yiuf
  1039 | D:2      | You fall into a shaft and drop 1 floor!
  1303 | D:2      | Reached XP level 4. HP: 40/41 MP: 4/4
  1318 | D:2      | Found a glowing golden altar of the Shining One.
  1895 | D:2      | Noticed Terence
  1906 | D:2      | Killed Terence
  2052 | D:2      | Killed Crazy Yiuf
  2052 | D:2      | Reached XP level 5. HP: 43/47 MP: 5/5
  2339 | D:3      | Reached skill level 1 in Dodging
  2429 | D:3      | You fall into a shaft and drop 3 floors!
  2448 | D:6      | Noticed an ogre
  2449 | D:6      | Noticed Maggie
  2462 | D:6      | Reached XP level 6. HP: 10/55 MP: 6/6
  2463 | D:6      | Reached skill level 5 in Fighting
  2463 | D:6      | Reached skill level 5 in Axes
  2465 | D:6      | HP: 4/84 [Maggie/+2 scimitar of flaming (1)]
  2470 | D:6      | Slain by Maggie

Levels and vault maps discovered:
D:1:      dpeg_arrival_short_road, layout_basic
D:2:      layout_basic, tso_oasis_becter, first_ration, uniq_crazy_yiuf_cottage,
          uniq_terence
D:3:      layout_loops_cross
D:6:      layout_basic, serial_shops, kennysheep_mini_moat,
          nicolae_shop_overgrown_old_shop, shop, shop_fountains, uniq_maggie,
          uniq_sigmund

Skill      XL: |  1  2  3  4  5  6 |
---------------+-------------------+-----
Axes           | 3 4 5 |  5.3
Fighting       | 4 5 |  5.2
Shields        | 4 |  4.8
Armour         | 4 |  4.5
Dodging        | 1 |  1.2

Action                   |  1- 3 |  4- 6 || total
-------------------------+-------+-------++-------
Melee: War axe           |    71 |   139 ||   210
  Use: Potion            |     1 |     3 ||     4
  Eat: Chunk             |     1 |     4 ||     5
Armor: Scale mail        |    52 |    49 ||   101
       Skin              |       |    37 ||    37
Dodge: Dodged            |    28 |    45 ||    73
Block: Kite shield       |    47 |    79 ||   126

Table legend:
 A = Non-vault XP
 B = Vault XP
 C = Vault XP percentage of total XP
 D = Non-vault monster count
 E = Vault monster count
 F = Vault count percentage of total count
                 A         B        C        D         E       F
            +---------+---------+-------+---------+---------+-------
      Total |     460 |      76 |  14.2 |      64 |       2 |   3.0
            +---------+---------+-------+---------+---------+-------
        D:1 |      20 |       0 |   0.0 |      12 |       0 |   0.0
        D:2 |      75 |      76 |  50.3 |      23 |       2 |   8.0
        D:3 |     116 |       0 |   0.0 |      23 |       0 |   0.0
        D:6 |     249 |       0 |   0.0 |       6 |       0 |   0.0
            +---------+---------+-------+---------+---------+-------
